 Dungeon Crawl Stone Soup version 0.26.1-2-gb8aa6d0 (webtiles) character file.

Game seed: 9140846766634014764

9305 Geeful the Covert (level 11, 0/67 HPs)
             Began as an Octopode Delver on Feb 28, 2021.
             Was a High Priest of Vehumet.
             Slain by a two-headed ogre
             ... wielding a +0 giant club
              (9 damage)
             ... on level 10 of the Dungeon.
             The game lasted 00:52:39 (13255 turns).

Geeful the Covert (Octopode Delver)                Turns: 13255, Time: 00:52:39

Health: 0/67       AC:  3    Str: 12    XL:     11   Next: 44%
Magic:  21/22      EV: 18    Int: 15    God:    Vehumet [*****.]
Gold:   167        SH:  5    Dex: 14    Spells: 12/25 levels left

rFire    . . .     SeeInvis .   o - +1 dagger (elec)
rCold    . . .     Faith    .   x - +0 buckler
rNeg     . . .     Spirit   .   g - +2 hat
rPois    +         Reflect  .   (no amulet)
rElec    .         Harm     .   D - ring of poison resistance
rCorr    +         Rampage  .   (no ring)
Will     .....                  u - ring of resist corrosion
Stlth    +++++.....             (no ring)
HPRegen  0.21/turn              (no ring)
MPRegen  0.18/turn              (no ring)
                                (no ring)
                                (no ring)

@: frozen ramparts
A: almost no armour, stealthy swim, amphibious, 8 rings, constrict 8, camouflage
1, gelatinous body 1
a: Renounce Religion


You were on level 10 of the Dungeon.
You worshipped Vehumet.
Vehumet was extremely pleased with you.
You visited 1 branch of the dungeon, and saw 10 of its levels.

You collected 492 gold pieces.
You spent 325 gold pieces at shops.

Inventory:

Hand Weapons
 a - a +1 short sword
 o - a +1 dagger of electrocution (weapon)
Missiles
 B - 21 poisoned darts (quivered)
Armour
 g - a +2 hat (worn)
 x - a +0 buckler (worn)
Magical Staves
 y - an uncursed staff of fire
Jewellery
 m - an uncursed ring of fire
 u - a ring of resist corrosion (on tentacle)
 D - a ring of poison resistance (left tentacle)
 G - an uncursed amulet of the acrobat
Wands
 b - a wand of acid (4)
 f - a wand of digging (3)
 k - a wand of paralysis (7)
 E - a wand of polymorph (11)
Scrolls
 c - 3 scrolls of magic mapping
 d - a scroll of teleportation
 h - 4 scrolls of enchant armour
 n - 4 scrolls of fear
 p - a scroll of amnesia
 r - 7 scrolls of remove curse
 t - a scroll of enchant weapon
 A - 2 scrolls of blinking
 C - 2 scrolls of identify
Potions
 e - 4 potions of haste
 i - 3 potions of ambrosia
 j - 2 potions of might
 l - 2 potions of lignification
 s - a potion of curing
 v - a potion of brilliance
 w - a potion of attraction
 z - 2 potions of flight
 F - a potion of mutation {unknown}
 H - a potion of resistance


   Skills:
 - Level 3.0 Fighting
 - Level 2.0 Short Blades
 + Level 8.6 Dodging
 - Level 10.0 Stealth
 - Level 4.6 Shields
 + Level 7.5 Spellcasting
 + Level 6.3 Conjurations
 + Level 8.0 Ice Magic
 - Level 4.0 Evocations


You had 12 spell levels left.
You knew the following spells:

 Your Spells              Type           Power        Failure   Level
a - Freeze                Ice            100%         1%          1
b - Searing Ray           Conj           48%          1%          2
c - Frozen Ramparts       Ice            58%          1%          3
d - Apportation           Tloc           10%          13%         1
e - Ozocubu's Refrigerat  Ice            14%          17%         6

Your spell library contained the following spells:

 Spells                   Type           Power        Failure   Level
 Foxfire                  Conj/Fire      60%          1%          1
 Conjure Flame            Conj/Fire      15%          3%          3
 Sticky Flame             Conj/Fire      15%          10%         4
 Inner Flame              Hex/Fire       5%           11%         3
 Animate Skeleton         Necr           10%          13%         1
 Corona                   Hex            5%           13%         1
 Summon Small Mammal      Summ           20%          13%         1
 Fireball                 Conj/Fire      7%           24%         5
 Confusing Touch          Hex            5%           36%         3
 Gell's Gravitas          Tloc           2%           36%         3
 Metabolic Englaciation   Hex/Ice        8%           56%         5
 Yara's Violent Unravell  Hex/Tmut       2%           63%         5
 Petrify                  Tmut/Erth      5%           77%         4


Dungeon Overview and Level Annotations

Branches:
Dungeon (10/15)            Temple (0/1) D:5            Lair (0/6) D:10
    Orc: D:9-12

Altars:
Kikubaaqudgha
Trog
Uskayaw
Vehumet
Wu Jian
Yredelemnul
Beogh

Shops:
D:7 [=(   D:8 =(*

Annotations:
D:3 exclusion: downstairs
D:4 exclusion: downstairs


Innate Abilities, Weirdness & Mutations

You cannot wear most types of armour.
You are very stealthy in the water. (Stealth+)
You are amphibious.
You can wear up to eight rings at the same time.
You can use your tentacles to constrict eight enemies at once.
Your skin changes colour to match your surroundings (Stealth+).
Your rubbery body absorbs attacks. (AC +1, EV +1)


Message History

You hit the two-headed ogre but do no damage.
You squeeze the two-headed ogre.
The two-headed ogre is severely wounded.
The wall freezes the howler monkey.
The howler monkey closely misses you.
The wall freezes the two-headed ogre.
The two-headed ogre completely misses you.
The two-headed ogre misses you.
The wall freezes the howler monkey.
You kill the howler monkey!
Vehumet accepts your kill.
You feel your power returning.
You hit the two-headed ogre but do no damage.
Lightning courses through the two-headed ogre!
The two-headed ogre is almost dead.
The phantom completely resists.
The wall freezes the phantom but does no damage.
The wall freezes the two-headed ogre.
The two-headed ogre hits you with a +0 giant club!!
* * * LOW HITPOINT WARNING * * *
The two-headed ogre hits you with a +0 giant spiked club!
You die...

###. ..# #.## #...
#..######..#
#...###...........###
#........####.......#
#....... ##.....>##
#h.....# ##....#.##
#.W####....###.#
##O.....#..# #.###
#@.....#..# ##..#
#......#..####.##
#......>...##..#
#..####....#..## #
#..# ##.....#...
#...######.........
............######.
...........######.
..########........


You could see a two-headed ogre and a phantom.

Vanquished Creatures
  2 two-headed ogres (D:9)
  An unseen horror (D:10)
  A gargoyle (D:10)
  Joseph (D:7)
  A redback zombie (D:9)
  A troll (D:9)
  8 yaks (D:10)
  A steam dragon (D:7)
  A water moccasin (D:9)
  4 orc warriors
  2 black bears (D:6)
  2 ice beasts
  3 phantoms
  6 ogres
  3 centaurs (D:10)
  A necrophage (D:9)
  2 big kobolds
  5 bullfrogs
  2 gnoll sergeants
  8 scorpions
  6 killer bees (D:10)
  4 wights (D:8)
  2 howler monkeys
  A quasit (D:9)
  2 bullfrog zombies
  A centaur zombie (D:6)
  2 hounds
  3 jellies
  6 orc priests
  10 orc wizards
  A bullfrog skeleton (D:5)
  2 centaur skeletons
  Ijyb (D:3)
  2 iguanas
  6 worker ants
  A killer bee zombie (D:8)
  A hound skeleton (D:10)
  9 gnolls
  13 adders
  A shadow imp (D:9)
  5 white imps
  2 ufetubi (D:9)
  3 oozes
  An adder skeleton (D:4)
  A worm (D:2)
  3 dart slugs
  5 leopard geckos
  52 orcs
  5 bats
  7 giant cockroaches
  5 hobgoblins
  6 jackals
  4 quokkas
  4 ball pythons
  4 frilled lizards
  11 goblins
  16 kobolds
  A leopard gecko skeleton (D:4)
  2 quokka skeletons (D:9)
  5 rats
271 creatures vanquished.

Vanquished Creatures (others)
  A human (D:2)
1 creature vanquished.

Grand Total: 272 creatures vanquished

Notes
Turn   | Place    | Note
-------+----------+-------------------------------------------
     0 | D:5      | Geeful the Octopode Delver began the quest for the Orb.
     0 | D:5      | Reached XP level 1. HP: 16/16 MP: 1/1
    89 | D:7      | Noticed a worker ant
   169 | D:8      | Noticed a scorpion
   169 | D:8      | Noticed an orc wizard
   169 | D:8      | Noticed a worker ant
   174 | D:7      | Noticed a scorpion
   192 | D:6      | Found a radiant altar of Vehumet.
   200 | D:6      | Became a worshipper of Vehumet
   272 | D:6      | Noticed a black bear
   419 | D:5      | Found a staircase to the Ecumenical Temple.
   590 | D:4      | Noticed a hound
   591 | D:4      | Noticed an orc wizard
   634 | D:4      | Noticed an ogre
   635 | D:4      | Noticed a worker ant
   717 | D:3      | Reached XP level 2. HP: 21/21 MP: 2/2
   740 | D:4      | Noticed a phantom
   748 | D:3      | Noticed Ijyb
   961 | D:3      | Reached skill level 1 in Evocations
  1068 | D:3      | Reached XP level 3. HP: 17/26 MP: 2/4
  1367 | D:2      | Found an ornate altar of the Wu Jian Council.
  1411 | D:2      | Reached skill level 7 in Stealth
  1527 | D:1      | Reached skill level 1 in Spellcasting
  2043 | D:1      | Reached * piety under Vehumet
  2043 | D:1      | Offered knowledge of Freeze by Vehumet.
  2046 | D:1      | Learned a level 1 spell: Freeze
  2101 | D:1      | Reached XP level 4. HP: 31/31 MP: 5/5
  3360 | D:2      | Found an ancient bone altar of Kikubaaqudgha.
  3361 | D:2      | Noticed a human
  3364 | D:2      | Killed a human
  3386 | D:2      | Noticed an ogre
  3391 | D:2      | Killed an ogre
  3392 | D:2      | Reached skill level 1 in Ice Magic
  3392 | D:2      | Reached XP level 5. HP: 36/36 MP: 7/7
  3671 | D:3      | Reached XP level 6. HP: 22/42 MP: 9/9
  3981 | D:3      | Killed Ijyb
  4098 | D:4      | Killed a phantom
  4166 | D:4      | Reached ** piety under Vehumet
  4166 | D:4      | Offered knowledge of Searing Ray by Vehumet.
  4167 | D:4      | Reached skill level 8 in Stealth
  4170 | D:4      | Learned a level 2 spell: Searing Ray
  4341 | D:4      | Reached XP level 7. HP: 46/46 MP: 10/10
  5604 | D:4      | Found a basalt altar of Yredelemnul.
  5666 | D:4      | Found a bloodstained altar of Trog.
  5696 | D:4      | Offered knowledge of Static Discharge by Vehumet.
  5697 | D:4      | Reached XP level 8. HP: 29/52 MP: 11/13
  6158 | D:5      | Reached skill level 9 in Stealth
  6575 | D:6      | Reached skill level 5 in Dodging
  6762 | D:6      | Reached *** piety under Vehumet
  7384 | D:7      | Reached XP level 9. HP: 47/56 MP: 10/15
  7444 | D:7      | Found Pionke Jush's Antique Armour Shoppe.
  7450 | D:7      | Bought a buckler for 85 gold pieces
  7460 | D:7      | Reached skill level 10 in Stealth
  7460 | D:7      | Reached skill level 1 in Shields
  7460 | D:7      | Reached skill level 1 in Conjurations
  7818 | D:7      | Noticed Joseph
  7928 | D:7      | Killed Joseph
  7929 | D:7      | Reached skill level 5 in Ice Magic
  8064 | D:7      | Reached skill level 5 in Spellcasting
  8107 | D:7      | Found Ujacuo's Jewellery Emporium.
  8218 | D:7      | Found Vethronk's Weapon Boutique.
  8436 | D:8      | Offered knowledge of Frozen Ramparts by Vehumet.
  8441 | D:8      | Learned a level 3 spell: Frozen Ramparts
  8622 | D:8      | Found Riyshemim's Weapon Boutique.
  8825 | D:8      | Reached **** piety under Vehumet
  8998 | D:8      | Offered knowledge of Olgreb's Toxic Radiance by Vehumet.
  9024 | D:8      | Reached XP level 10. HP: 27/63 MP: 18/18
  9497 | D:8      | Found a roughly hewn altar of Beogh.
  9848 | D:8      | Found Qaczuoj's Jewellery Shoppe.
  9857 | D:8      | Bought an uncursed ring of poison resistance for 240 gold
                  | pieces
 10122 | D:8      | Found a hide-covered altar of Uskayaw.
 10160 | D:8      | Found Gebuloy's General Store.
 10400 | D:9      | Noticed a two-headed ogre
 10457 | D:9      | Learned a level 1 spell: Apportation
 10472 | D:9      | Killed a two-headed ogre
 10930 | D:9      | Noticed a two-headed ogre
 10945 | D:9      | Killed a two-headed ogre
 11266 | D:9      | Reached skill level 5 in Conjurations
 11560 | D:10     | Entered Level 10 of the Dungeon
 12097 | D:10     | Reached XP level 11. HP: 66/67 MP: 21/21
 12559 | D:10     | Reached ***** piety under Vehumet
 12559 | D:10     | Offered knowledge of Ozocubu's Refrigeration by Vehumet.
 12576 | D:10     | Learned a level 6 spell: Ozocubu's Refrigeration
 12962 | D:10     | Killed an unseen horror
 13229 | D:10     | Found a staircase to the Lair.
 13234 | D:10     | Noticed a two-headed ogre
 13255 | D:10     | Slain by a two-headed ogre

Illustrated notes

Levels and vault maps discovered:
D:1:      sevenhm_arrival_forest_fort_large_4, layout_loops_ring,
          grunt_decor_resistance, minmay_tromino_v7
D:2:      layout_loops_corners, nicolae_overflow_hidden_temple,
          tgw_kikubaaqudgha
D:3:      layout_loops_cross, uniq_ijyb
D:4:      layout_basic, overflow_temple_1_default, trog_three_pillars_becter
D:5:      layout_basic, minmay_temple_entry_glass
D:6:      layout_basic, overflow_temple_1_default
D:7:      layout_rooms, serial_shops, kennysheep_mini_moat, shop, shop,
          uniq_joseph
D:8:      layout_rooms, lemuel_coloured_pillars_altar, special_room
          [special_room_orc], serial_shops, shop, kennysheep_little_box, shop
D:9:      layout_basic
D:10:     layout_layer_cave, lair_entry_dummy

Skill      XL: |  1  2  3  4  5  6  7  8  9 10 11 |
---------------+----------------------------------+-----
Evocations     | 1 2 3 4 |  4.0
Stealth        | 7 8 9 10 | 10.0
Spellcasting   | 1 2 3 4 5 6 7 |  7.5
Dodging        | 3 4 5 6 7 8 |  8.6
Ice Magic      | 1 2 3 4 5 7 8 |  8.0
Shields        | 4 |  4.6
Conjurations   | 3 5 6 |  6.3
Fighting       | |  3.0
Short Blades   | |  2.0

Action                   |  1- 3 |  4- 6 |  7- 9 | 10-12 || total
-------------------------+-------+-------+-------+-------++-------
Melee: Short sword       |    57 |   107 |   224 |    11 ||   399
       Constrict         |     8 |    26 |    58 |    27 ||   119
       Tentacles         |     3 |    21 |    47 |    36 ||   107
       Dagger            |       |       |       |   161 ||   161
Throw: Dart              |       |     4 |   110 |    26 ||   140
 Cast: Freeze            |       |     2 |    10 |       ||    12
       Searing Ray       |       |       |     1 |     1 ||     2
       Frozen Ramparts   |       |       |     3 |    18 ||    21
       Apportation       |       |       |       |     1 ||     1
Evoke: Wand              |       |     2 |    11 |     9 ||    22
  Use: Scroll            |     1 |    12 |     7 |     2 ||    22
       Potion            |       |       |     3 |     6 ||     9
 Stab: Sleeping          |    13 |    12 |    15 |    10 ||    50
       Distracted        |     1 |     1 |       |     2 ||     4
       Paralysed         |       |     4 |     8 |     2 ||    14
Armor: Skin              |     3 |     8 |    23 |    12 ||    46
Dodge: Dodged            |    26 |    65 |   162 |   135 ||   388
Block: Buckler           |       |       |       |    29 ||    29
